[ AOE2 MATCH · #506039968 ]
UnrankedSicilians vs Tatars
Player's team · WIN
Rival team · LOSS
[ REPLAY ANALYSIS · EXTRACTED FROM THE RECORDED GAME ]
Feudal
11:21
Castle
14:56
Imperial
—
| APM avg | 46.6 |
| APM peak | 90 |
| eAPM avg | 21.4 |
| Villagers / military | 100 / 20 |
Focus
⚔️ 25.5% · 🌾 74.5%
Serjeant ×9 · Archer ×8 · Knight ×3
Feudal
10:41
Castle
21:29
Imperial
—
| APM avg | 51.6 |
| APM peak | 107 |
| eAPM avg | 21.7 |
| Villagers / military | 65 / 45 |
Focus
⚔️ 22.5% · 🌾 77.5%
Cavalry Archer ×31 · Archer ×11 · Battering Ram ×2 · Spearman ×1
Match map
Initial resources + every placement click. Lines = walls · curves = elevation contours. ◆ gold · ⬟ stone · ● berries · ✦ relic · ◌ wall gap
Your base· Open — 7t gap
AKEngineer's base· ✓ Closed at 21:29 · 40t walls · fragile
Smoothed initial terrain · ◌ = detected wall gap · hover for details
Inputs per minute
— 6 - - AKEngineer
Build order — 6
First 150 of 171 actions detected
| 0:01 | Queue | Villager (Male) |
| 0:01 | Queue | Villager (Male) |
| 0:02 | Build | House |
| 0:03 | Build | House |
| 0:16 | Queue | Villager (Male) |
| 0:16 | Queue | Villager (Male) |
| 1:25 | Queue | Villager (Male) |
| 1:26 | Queue | Villager (Male) |
| 1:59 | Queue | Villager (Male) |
| 1:59 | Queue | Villager (Male) |
| 2:16 | Build | Lumber Camp |
| 2:20 | Queue | Villager (Male) |
| 2:21 | Queue | Villager (Male) |
| 2:34 | Queue | Villager (Male) |
| 2:34 | Queue | Villager (Male) |
| 2:39 | Build | House |
| 2:50 | Queue | Villager (Male) |
| 2:50 | Queue | Villager (Male) |
| 3:13 | Research | Loom |
| 3:15 | Queue | Villager (Male) |
| 4:10 | Queue | Villager (Male) |
| 4:10 | Queue | Villager (Male) |
| 4:11 | Queue | Villager (Male) |
| 5:07 | Build | House |
| 5:14 | Queue | Villager (Male) |
| 5:14 | Queue | Villager (Male) |
| 5:16 | Queue | Villager (Male) |
| 5:16 | Queue | Villager (Male) |
| 5:33 | Build | Mill |
| 5:36 | Queue | Villager (Male) |
| 5:37 | Queue | Villager (Male) |
| 5:51 | Queue | Villager (Male) |
| 6:08 | Queue | Villager (Male) |
| 6:41 | Build | Mining Camp |
| 6:55 | Queue | Villager (Male) |
| 7:00 | Queue | Villager (Male) |
| 7:09 | Build | Donjon |
| 7:14 | Queue | Villager (Male) |
| 8:55 | Research | Feudal Age |
| 9:57 | Build | House |
| 9:59 | Build | House |
| 10:39 | Queue | Villager (Male) |
| 10:41 | Queue | Villager (Male) |
| 11:21 | Age | Feudal Age |
| 11:24 | Build | Market |
| 11:30 | Build | Blacksmith |
| 11:35 | Build | Blacksmith |
| 12:16 | Research | Castle Age |
| 12:16 | Research | Castle Age |
| 12:38 | Queue | Serjeant |
| 12:51 | Build | Farm |
| 12:55 | Build | Farm |
| 12:59 | Build | Farm |
| 13:00 | Research | Horse Collar |
| 13:09 | Queue | Serjeant |
| 13:19 | Build | Farm |
| 13:36 | Build | Farm |
| 13:51 | Queue | Serjeant |
| 13:51 | Queue | Serjeant |
| 13:51 | Queue | Serjeant |
| 14:03 | Build | Farm |
| 14:30 | Build | Stable |
| 14:52 | Queue | Serjeant |
| 14:56 | Age | Castle Age |
| 15:05 | Queue | Villager (Male) |
| 15:28 | Queue | Villager (Male) |
| 15:33 | Build | Farm |
| 15:43 | Build | Farm |
| 15:48 | Queue | Villager (Male) |
| 15:52 | Queue | Knight |
| 15:52 | Queue | Knight |
| 16:00 | Queue | Knight |
| 16:02 | Build | Farm |
| 16:10 | Build | Farm |
| 16:13 | Queue | Villager (Male) |
| 16:13 | Queue | Villager (Male) |
| 16:52 | Queue | Serjeant |
| 16:53 | Queue | Serjeant |
| 17:09 | Queue | Villager (Male) |
| 17:11 | Build | House |
| 17:12 | Build | House |
| 17:17 | Research | Town Watch |
| 17:43 | Queue | Villager (Male) |
| 17:47 | Build | Town Center |
| 18:18 | Queue | Villager (Male) |
| 18:18 | Queue | Villager (Male) |
| 18:34 | Build | Donjon |
| 18:40 | Queue | Villager (Male) |
| 18:43 | Queue | Serjeant |
| 19:07 | Queue | Villager (Male) |
| 19:14 | Build | Farm |
| 19:16 | Queue | Villager (Male) |
| 19:26 | Build | Farm |
| 19:28 | Queue | Villager (Male) |
| 19:28 | Queue | Villager (Male) |
| 19:56 | Queue | Villager (Male) |
| 19:57 | Queue | Villager (Male) |
| 19:57 | Queue | Villager (Male) |
| 20:19 | Research | Fletching |
| 20:34 | Queue | Villager (Male) |
| 20:36 | Queue | Villager (Male) ×2 |
| 20:36 | Queue | Villager (Male) ×2 |
| 20:42 | Build | Farm |
| 20:44 | Build | Farm |
| 20:45 | Build | Farm |
| 20:54 | Queue | Villager (Male) |
| 20:54 | Queue | Villager (Male) |
| 21:02 | Build | Donjon |
| 21:14 | Queue | Villager (Male) |
| 21:14 | Queue | Villager (Male) |
| 21:17 | Build | Farm |
| 21:32 | Build | House |
| 21:34 | Research | Wheelbarrow |
| 21:58 | Queue | Villager (Male) |
| 22:01 | Build | House |
| 22:01 | Build | House |
| 22:18 | Build | Town Center |
| 22:52 | Queue | Villager (Male) |
| 22:52 | Queue | Villager (Male) |
| 22:54 | Queue | Villager (Male) ×4 |
| 23:08 | Queue | Villager (Male) |
| 23:13 | Research | Bodkin Arrow |
| 23:14 | Queue | Villager (Male) ×2 |
| 23:15 | Queue | Villager (Male) ×2 |
| 23:18 | Build | Archery Range |
| 23:24 | Queue | Villager (Male) |
| 23:24 | Queue | Villager (Male) |
| 23:27 | Build | Farm |
| 23:30 | Queue | Villager (Male) ×2 |
| 23:30 | Queue | Villager (Male) ×2 |
| 23:37 | Queue | Villager (Male) |
| 23:53 | Build | Farm |
| 23:55 | Build | House |
| 23:58 | Queue | Villager (Male) |
| 23:58 | Queue | Villager (Male) |
| 24:06 | Research | Padded Archer Armor |
| 24:17 | Build | Farm |
| 24:19 | Queue | Archer |
| 24:19 | Queue | Archer |
| 24:27 | Queue | Archer |
| 24:29 | Queue | Villager (Male) ×2 |
| 24:29 | Queue | Villager (Male) ×2 |
| 24:32 | Queue | Villager (Male) |
| 24:32 | Queue | Villager (Male) |
| 24:58 | Research | Crossbowman (upgrade) |
| 24:58 | Research | Crossbowman (upgrade) |
| 25:02 | Queue | Archer |
| 25:04 | Build | Archery Range |
| 25:09 | Queue | Villager (Male) |
| 25:12 | Research | Double-Bit Axe |
Build order — AKEngineer
First 150 of 170 actions detected
| 0:00 | Research | Loom |
| 0:01 | Queue | Villager (Male) |
| 0:02 | Build | House |
| 0:03 | Build | House |
| 0:10 | Queue | Villager (Male) |
| 0:11 | Queue | Villager (Male) |
| 0:16 | Queue | Villager (Male) |
| 2:06 | Queue | Villager (Male) |
| 2:24 | Queue | Villager (Male) |
| 2:25 | Queue | Villager (Male) |
| 3:03 | Queue | Villager (Male) |
| 3:28 | Queue | Villager (Male) |
| 3:28 | Queue | Villager (Male) |
| 3:32 | Build | Lumber Camp |
| 3:49 | Queue | Villager (Male) |
| 3:49 | Queue | Villager (Male) |
| 3:50 | Queue | Villager (Male) |
| 4:09 | Queue | Villager (Male) |
| 4:09 | Queue | Villager (Male) |
| 4:36 | Queue | Villager (Male) |
| 4:55 | Queue | Villager (Male) |
| 4:55 | Queue | Villager (Male) |
| 5:11 | Build | House |
| 5:28 | Queue | Villager (Male) |
| 5:39 | Build | Mill |
| 5:51 | Queue | Villager (Male) |
| 5:51 | Queue | Villager (Male) |
| 5:51 | Queue | Villager (Male) |
| 6:18 | Queue | Villager (Male) |
| 6:18 | Queue | Villager (Male) |
| 6:18 | Queue | Villager (Male) |
| 7:02 | Build | House |
| 7:32 | Queue | Villager (Male) |
| 7:53 | Queue | Villager (Male) |
| 8:31 | Research | Feudal Age |
| 8:49 | Build | Mining Camp |
| 9:29 | Build | Barracks |
| 9:38 | Build | House |
| 9:58 | Queue | Villager (Male) |
| 10:41 | Age | Feudal Age |
| 10:44 | Build | Archery Range |
| 10:46 | Queue | Villager (Male) |
| 10:48 | Research | Double-Bit Axe |
| 11:18 | Build | House |
| 11:19 | Build | House |
| 11:21 | Queue | Villager (Male) |
| 11:24 | Queue | Archer |
| 11:24 | Queue | Archer |
| 11:32 | Build | Palisade Wall |
| 11:40 | Queue | Villager (Male) |
| 12:00 | Build | Blacksmith |
| 12:04 | Queue | Archer |
| 12:05 | Queue | Villager (Male) |
| 12:26 | Queue | Villager (Male) |
| 12:27 | Queue | Archer |
| 12:56 | Queue | Villager (Male) |
| 13:06 | Build | Archery Range |
| 13:08 | Build | Farm |
| 13:15 | Research | Fletching |
| 13:22 | Queue | Villager (Male) |
| 13:22 | Queue | Villager (Male) |
| 13:27 | Build | Farm |
| 13:27 | Queue | Villager (Male) |
| 13:37 | Build | House |
| 13:39 | Build | House |
| 13:47 | Queue | Villager (Male) |
| 13:47 | Queue | Villager (Male) |
| 13:50 | Queue | Archer |
| 13:50 | Queue | Archer |
| 14:01 | Queue | Archer |
| 14:24 | Queue | Villager (Male) |
| 14:29 | Queue | Archer |
| 14:29 | Queue | Archer |
| 14:42 | Queue | Villager (Male) |
| 14:56 | Queue | Villager (Male) |
| 14:57 | Queue | Archer |
| 15:20 | Queue | Villager (Male) |
| 15:24 | Build | Market |
| 15:26 | Queue | Villager (Male) |
| 15:32 | Build | Farm |
| 15:33 | Build | Farm |
| 15:41 | Queue | Villager (Male) |
| 15:48 | Queue | Spearman |
| 15:54 | Build | House |
| 15:55 | Build | House |
| 16:11 | Build | House |
| 16:13 | Build | Palisade Wall |
| 16:15 | Build | Palisade Wall |
| 16:19 | Build | House |
| 16:46 | Build | Palisade Wall |
| 16:50 | Build | Palisade Wall |
| 16:54 | Build | Palisade Wall |
| 17:25 | Build | Market |
| 17:38 | Build | Palisade Wall |
| 17:48 | Queue | Villager (Male) |
| 18:09 | Build | Archery Range |
| 18:10 | Queue | Villager (Male) |
| 18:37 | Build | Palisade Wall |
| 18:49 | Research | Castle Age |
| 18:52 | Build | Archery Range |
| 18:58 | Build | House |
| 19:05 | Build | House |
| 19:09 | Build | House |
| 19:57 | Build | Mining Camp |
| 20:02 | Queue | Villager (Male) |
| 20:20 | Build | House |
| 20:23 | Build | House |
| 20:28 | Build | House |
| 21:04 | Build | Lumber Camp |
| 21:06 | Queue | Villager (Male) |
| 21:14 | Build | Watch Tower |
| 21:29 | Age | Castle Age |
| 21:32 | Queue | Cavalry Archer |
| 21:32 | Queue | Cavalry Archer |
| 21:33 | Queue | Cavalry Archer |
| 21:33 | Queue | Cavalry Archer |
| 21:33 | Queue | Cavalry Archer |
| 22:30 | Research | Bodkin Arrow |
| 23:01 | Queue | Cavalry Archer |
| 23:01 | Queue | Cavalry Archer |
| 23:06 | Queue | Villager (Male) |
| 23:07 | Queue | Cavalry Archer |
| 23:08 | Queue | Cavalry Archer |
| 23:08 | Queue | Cavalry Archer |
| 23:08 | Queue | Cavalry Archer |
| 23:11 | Queue | Villager (Male) |
| 23:27 | Build | Mining Camp |
| 23:28 | Queue | Villager (Male) |
| 23:43 | Queue | Villager (Male) |
| 23:53 | Queue | Villager (Male) |
| 24:00 | Queue | Cavalry Archer |
| 24:00 | Queue | Cavalry Archer |
| 24:00 | Queue | Cavalry Archer |
| 24:12 | Queue | Villager (Male) |
| 24:12 | Queue | Villager (Male) |
| 24:15 | Build | Stable |
| 24:19 | Build | Siege Workshop |
| 24:24 | Queue | Villager (Male) |
| 24:26 | Queue | Villager (Male) |
| 24:39 | Queue | Cavalry Archer |
| 24:40 | Queue | Cavalry Archer |
| 24:46 | Queue | Villager (Male) |
| 24:58 | Queue | Cavalry Archer |
| 25:01 | Queue | Villager (Male) |
| 25:02 | Queue | Villager (Male) |
| 25:12 | Queue | Cavalry Archer |
| 25:12 | Queue | Cavalry Archer |
| 25:28 | Queue | Villager (Male) |
| 25:29 | Queue | Cavalry Archer |
| 25:29 | Queue | Cavalry Archer |
Match timeline
| 7:09 | 6 · first_building Donjon |
| 9:29 | AKEngineer · first_building Barracks |
| 10:41 | AKEngineer · age_up feudal |
| 10:44 | AKEngineer · first_building Archery Range |
| 11:21 | 6 · age_up feudal |
| 11:32 | AKEngineer · wall_segment Palisade Wall x1 |
| 14:30 | 6 · first_building Stable |
| 14:56 | 6 · age_up castle |
| 15:09 | 6 · first_market_buy 100 food |
| 16:13 | AKEngineer · wall_segment Palisade Wall x6 |
| 16:15 | AKEngineer · wall_segment Palisade Wall x6 |
| 16:46 | AKEngineer · wall_segment Palisade Wall x7 |
| 16:50 | AKEngineer · wall_segment Palisade Wall x12 |
| 16:54 | AKEngineer · wall_segment Palisade Wall x7 |
| 17:38 | AKEngineer · wall_segment Palisade Wall x1 |
| 18:13 | AKEngineer · first_market_buy 100 food |
| 18:14 | AKEngineer · first_market_sell 100 wood |
| 18:24 | 6 · first_market_sell 100 wood |
| 18:37 | AKEngineer · wall_segment Palisade Wall x1 |
| 21:29 | AKEngineer · age_up castle |
| 23:18 | 6 · first_building Archery Range |
| 24:15 | AKEngineer · first_building Stable |
| 24:19 | AKEngineer · first_building Siege Workshop |
| 27:44 | AKEngineer · resign |
[ AI ANALYSIS · 1 CREDIT ]
What really happened in this match?
Wolo.gg analyzes every decision: build order, eco, micro, common mistakes by bracket. Personalized analysis on WhatsApp or Discord in 30 seconds.
Civ guide
Sicilians
Perfil
Jugador #20686201